 Dungeon Crawl Stone Soup version 0.29-a0-553-g81b289dbe5 (webtiles) character file.

Game seed: 14197612577046158955

16 Hubjo the Insei (level 2, -1/21 HPs)
             Began as a Demonspawn Transmuter on June 6, 2022.
             Slain by a rat (2 damage)
             ... on level 1 of the Dungeon.
             The game lasted 00:00:38 (491 turns).

Hubjo the Insei (Demonspawn Transmuter)              Turns: 491, Time: 00:00:38

Health: -1/21      AC:  2    Str: 10    XL:     2   Next: 41%
Magic:  2/5        EV: 12    Int: 14    God:
Gold:   5          SH:  0    Dex: 13    Spells: 4/5 levels left

rFire   . . .      SeeInvis .     - Unarmed
rCold   . . .      Faith    .   (no shield)
rNeg    . . .      Spirit   .   a - +0 robe
rPois   .          Reflect  .   (helmet currently unavailable)
rElec   .          Harm     .   (no cloak)
rCorr   .          Rampage  .   (no gloves)
Will    .....                   (boots currently unavailable)
Stlth   +.........              (no amulet)
HPRegen 0.07/turn               (no ring)
MPRegen 0.09/turn               (no ring)

@: appendages
A: talons 2, horns 1
a: End Transformation


You were on level 1 of the Dungeon.
You had temporarily grown beastly talons.
You visited 1 branch of the dungeon, and saw 1 of its levels.

You collected 5 gold pieces.

Inventory:

Armour
 a - a +0 robe (worn)
Scrolls
 c - a scroll of amnesia {unknown}
Potions
 b - a potion of lignification
 d - a potion of brilliance {unknown}


   Skills:
 * Level 1.6 Fighting
 - Level 1.7 Dodging
 + Level 0.6 Stealth
 + Level 2.8 Unarmed Combat
 + Level 2.1 Spellcasting
 + Level 2.0 Transmutations


You had 4 spell levels left.
You knew the following spells:

 Your Spells              Type           Power      Damage    Failure   Level
a - Beastly Appendage     Tmut           14%        N/A       11%         1

Your spell library contained the following spells:

 Spells                   Type           Power      Damage    Failure   Level
 Wereblood                Tmut           7%         N/A       16%         2
 Spider Form              Tmut/Pois      4%         N/A       43%         3
 Ice Form                 Ice/Tmut       4%         N/A       83%         4


Dungeon Overview and Level Annotations

Branches:
Dungeon (1/15)

Altars:


Innate Abilities, Weirdness & Mutations

You have temporarily grown beastly talons.
You have a pair of small horns on your head.


Message History

You hit the jackal.
You kill the jackal!
The jackal misses you.
You closely miss the jackal. The jackal bites you.
The jackal barely misses you. x2
You hit the jackal but do no damage. The jackal bites you. x2
You are too injured to fight recklessly!
You are too injured to fight recklessly!
You are too injured to fight recklessly!
You are too injured to fight recklessly!
You are too injured to fight recklessly!
You hit the jackal. You claw the jackal.
The jackal is severely wounded.
The jackal closely misses you.
The jackal bites you but does no damage.
The jackal bites you.
* * * LOW HITPOINT WARNING * * *
The rat bites you but does no damage.
You closely miss the jackal. Your kick misses the jackal.
Your headbutt misses the jackal.
The jackal is moderately wounded.
The jackal bites you but does no damage.
The jackal barely misses you. The jackal completely misses you.
The rat barely misses you.
You hit the jackal but do no damage. You claw the jackal.
Your punch misses the jackal.
The jackal is almost dead.
The jackal bites you but does no damage.
A jackal comes into view.
The jackal misses you. The rat bites you.
* * * LOW HITPOINT WARNING * * *
You barely miss the jackal.
The jackal is almost dead.
The jackal bites you.
* * * LOW HITPOINT WARNING * * *
The jackal bites you but does no damage.
The jackal bites you.
* * * LOW HITPOINT WARNING * * *
The rat bites you.
You die...

. # ! .. ... ###. ....
..... #
.....######..... .
.........h..h... #
#.@h...... #..r.#....
####....# . ##.......#.
### #............ ..#
#.....(...... ..#
#.###+#.....r ..#
###.###.#......
..#######.............#


You could see 3 jackals and a rat.

Vanquished Creatures
  A dart slug (D:1)
  A ball python (D:1)
  3 hobgoblins (D:1)
  3 jackals (D:1)
  A quokka (D:1)
  2 bats (D:1)
  2 kobolds (D:1)
13 creatures vanquished.

Notes
Turn   | Place    | Note
-------+----------+-------------------------------------------
     0 | D:1      | Hubjo the Demonspawn Transmuter began the quest for the
                  | Orb.
     0 | D:1      | Reached XP level 1. HP: 15/15 MP: 3/3
   267 | D:1      | Mutation became permanent: You have a pair of small horns
                  | on your head. [demonic ancestry]
   267 | D:1      | Gained mutation: You have a pair of horns on your head.
                  | [demonic ancestry]
   267 | D:1      | Reached XP level 2. HP: 17/21 MP: 3/5
   341 | D:1      | Found a faded altar of an unknown god.
   491 | D:1      | HP: 1/21 [jackal (1)]
   491 | D:1      | Slain by a rat

Illustrated notes

Levels and vault maps discovered:
D:1:      dpeg_arrival_renting, layout_basic, hellmonk_ecumenical_altar_zigzags

Skill      XL: |  1  2 |
---------------+-------+-----
Transmutations | 2 |  2.0
Fighting       | |  1.6
Dodging        | |  1.7
Stealth        | |  0.6
Unarmed Combat | |  2.8
Spellcasting   | |  2.1

Action                   || total
-------------------------++-------
Melee: Unarmed           ||    40
       Headbutt          ||     5
       Kick              ||     3
 Cast: Beastly Appendage ||     7
 Stab: Sleeping          ||     1
Armor: Robe              ||    10
Dodge: Dodged            ||    43

Table legend: (Time is in decaauts)
 A = Elapsed time spent in this place.
 B = Non-inter-level travel time spent in this place.
 C = Inter-level travel time spent in this place.
 D = Time resting spent in this place.
 E = Time spent auto-exploring this place.
 F = Levels seen in this place.
 G = Mean time per level.
                   A        B        C        D        E       F      G
               +--------+--------+--------+--------+--------+-----+--------+
         Total |    489 |    489 |      0 |      0 |    388 |   1 |  489.0 |
       Dungeon |    489 |    489 |      0 |      0 |    388 |   1 |  489.0 |
               +--------+--------+--------+--------+--------+-----+--------+

Top non-repeatable levels by time:
     D:1: 489 daAuts
